← All builds
Suicide front / Cortex / Economy first / OBSERVED BUILD

Standard suicide front

The role's baseline bot lab opening: secure mexes, push out Thugs, Aggravators and Grunts to contest the middle and hold until T2 arrives.

#rush · 353 distinct matches · 76 players · 67% of Cortex Suicide front games · team won 51% of 366 · Recently observed

HOW TO PLAY IT

Key timing: Bot Lab by 0:34

  1. Take 3 mex, then rush a Bot Lab immediately for early army.
  2. Finish Bot Lab, start pumping Thug, Grunt and Aggravator.
  3. Push units to middle to contest and secure reclaim early.
  4. Add Advanced Metal Extractor to keep economy scaling with the fight.
  5. Hold middle with bots until T2 reinforcements arrive from Geo.

Phase by phase

TYPICAL OF ITS 353 GAMES
  1. 1
  2. 2
  3. 3
PLAY THE OPENING

Follow the example game's first 6:00 step by step: what to build now, what comes next, and where it goes. At 1× it keeps pace with your own game.

  1. 1

    Up to the Bot Lab

    Economy
    • Metal Extractor1Mex
    Order
    1. Bot LabBot Lab after 1 mexdone ~0:34, middle half 0:26–0:44

    By 0:17 in all: 1 mex

    The example game in this phase · 3 steps
    1. Mex ×3
    2. GuardGuard
    3. Bot LabBot Labdone 0:56 · typical 0:34
  2. 2

    Bot Lab to 5:00

    Economy
    • Metal Extractor4Mex
    • Wind Turbine3Wind
    Builders
    • Graverobber4 Graverobber
    • Construction Bot3 Con bot
    Army
    • Guard3 Guard
    • Thug14 Thug
    • Grunt3 Grunt
    • Aggravator2 Aggravator
    Other
    • Radar Tower1 Radar Tower

    By 5:00 in all: 5 mex · 3 wind

    The example game in this phase · 22 steps
    1. Wind
    2. GraverobberGraverobber
    3. Construction BotCon bot ×2
    4. AggravatorAggravator
    5. ThugThug ×3
    6. GraverobberGraverobber
    7. ThugThug
    8. Wind
    9. ThugThug
    10. GruntGrunt ×2
    11. ThugThug
    12. Mex
    13. ThugThug
    14. GraverobberGraverobber
    15. ThugThug ×4
    16. GraverobberGraverobber
    17. AggravatorAggravator ×3
    18. Radar TowerRadar Tower
    19. GraverobberGraverobber
    20. AggravatorAggravator ×3
    21. GraverobberGraverobber
    22. AggravatorAggravator ×2
  3. 3

    5:00 to 10:00

    Economy
    • Metal Extractor1Mex
    • Wind Turbine14Wind
    Builders
    • Construction Turret2 Con turret
    • Graverobber2 Graverobber
    • Construction Bot1 Con bot
    Army
    • Guard1 Guard
    • Thug6 Thug
    • Grunt3 Grunt

    Some games also: aggravator (50%) · energy storage (47%) · Radar Tower (44%) · Twin Guard (31%) · converter (30%)

    By 10:00 in all: 6 mex · 18 wind · 1 energy storage · 2 con turret

    The example game in this phase · 60 steps
    1. AggravatorAggravator ×3
    2. GraverobberGraverobber
    3. AggravatorAggravator ×5
    4. GraverobberGraverobber
    5. Con turret
    6. AggravatorAggravator ×2
    7. Solar
    8. AggravatorAggravator
    9. Wind
    10. ThugThug
    11. Wind
    12. ThugThug
    13. Wind ×2
    14. GuardGuard
    15. ThugThug
    16. GuardGuard
    17. Wind
    18. GuardGuard
    19. SheldonSheldondone 8:54
    20. Mex
    21. SheldonSheldon
    22. Mex
    23. SheldonSheldon
    24. Mex
    25. CenturionCenturion
    26. Con turret
    27. Wind
    28. Radar TowerRadar Tower
    29. Wind
    30. Bot LabBot Labdone 11:10
    31. Wind ×2
    32. GruntGrunt ×3
    33. Wind
    34. GruntGrunt
    35. Wind
    36. GruntGrunt ×2
    37. Advanced Metal ExtractorT2 mexdone 14:12 · typical 9:42
    38. Wind
    39. GruntGrunt
    40. Wind
    41. GruntGrunt ×2
    42. Wind
    43. GruntGrunt ×3
    44. Wind
    45. GruntGrunt ×2
    46. Wind
    47. GruntGrunt
    48. Wind
    49. GruntGrunt ×2
    50. Wind
    51. GruntGrunt
    52. Construction BotCon bot
    53. Wind
    54. Energy storage
    55. Construction BotCon bot
    56. Wind
    57. Advanced Metal ExtractorT2 mex
    58. Wind ×2
    59. CastroCastro
    60. Wind

Counts are medians over the build's games: half of them build more, half fewer. The example game is Ariah's (43 OS, 23/09/2026); pick another.

Team trades

IN AT LEAST 30% OF ITS GAMES

You hand over

Nothing regular.

You get

  • Tidal Generator4 Tidal from Pondfirst at 0:10 · in 69% of games
  • Advanced Construction Bot1 T2 con bot from Geo or Techfirst at 7:32 · in 57% of games

How it plays out

Typical game of this build, running totals by minute

Metal produced

010k20k
0:005:0010:0015:00

metal

Enemy metal destroyed

05k10k
0:005:0010:0015:00

metal

Own metal lost

05k10k15k
0:005:0010:0015:00

metal

366 games.

Show as table
ByMetal produced: This buildEnemy metal destroyed: This buildOwn metal lost: This build
1:0027300
2:0095600
3:002058191130
4:003151663628
5:00432816971420
6:00553425652380
7:00676835643465
8:00797145054456
9:00923451865453
10:001045058116293
11:001194662887124
12:001361268158150
13:001530674618924
14:001705482219879
15:0018776887210532
WHAT THE NUMBERS SAY

This is the role's baseline aggressive job, winning half its games while both dealing and taking heavy metal losses fighting at middle.

  • + Fastest Bot Lab of any role (0:34), gets units fighting almost immediately.
  • + Destroys 8805 enemy metal by 15:00 through constant middle pressure.
  • − Loses 10461 own metal by 15:00, more than it destroys.
  • − Metal production lags behind other front role at 18297 by 15:00.
THE EXAMPLE YOU ARE READING

Ariah

42.7 OS · 23/09/2026

Open source match ↗

16 received units · includes a constructor
392 metal received · 12967 energy received

Allied construction assistance is unknown. Timings are observations, not a promise of solo reproducibility.

Typical milestones

Bot Lab0:34Middle 50%: 0:26–0:44 · n=362
Advanced Metal Extractor9:42Middle 50%: 8:46–10:57 · n=238

Played most by

_X_59games of this build_Hawkey_34games of this buildGuiTou23games of this buildImmort23games of this buildViltrum22games of this build